 Dungeon Crawl Stone Soup version 0.29.1-13-g9f3cf754e1 (webtiles) character file.

Game seed: 18194501792983830936

4 a11behringer the Cudgeller (level 1, 0/19 HPs)
             Began as a Meteoran Cinder Acolyte on Feb 7, 2023.
             Was a High Priest of Ignis.
             Slain by a jackal (1 damage)
             ... on level 1 of the Dungeon.
             The game lasted 00:00:58 (44 turns).

a11behringer the Cudgeller (Meteoran Cinder Acolyte)  Turns: 44, Time: 00:00:58

Health: 0/19       AC:  3    Str: 15    XL:     1   Next: 85%
Magic:  3/3        EV: 11    Int: 15    God:    Ignis [*****.]
Gold:   11         SH:  0    Dex:  9    Spells: 2/2 levels left

rFire   + . .      SeeInvis .   a - -1 mace (flame)
rCold   . . .      Faith    .   (no shield)
rNeg    . . .      Spirit   .   b - +0 robe
rPois   .          Reflect  .   c - +0 helmet
rElec   .          Harm     .   (no cloak)
rCorr   .          Rampage  .   (no gloves)
Will    .....                   (no boots)
Stlth   +.........              (no amulet)
HPRegen 0.06/turn               (no ring)
MPRegen 0.08/turn               (no ring)

@: glowing
A: sense surroundings 1, otherworldly, glowing, explore regen
a: Renounce Religion, Fiery Armour, Foxfire Swarm, Rising Flame


You were on level 1 of the Dungeon.
You worshipped Ignis.
Ignis was extremely pleased with you.
You visited 1 branch of the dungeon, and saw 1 of its levels.

You collected 11 gold pieces.

Inventory:

Hand Weapons
 a - a -1 mace of flaming (weapon)
Armour
 b - a +0 robe (worn)
 c - a +0 helmet (worn)


   Skills:
 + Level 3.5 Fighting
 * Level 4.0 Maces & Flails
 + Level 1.3 Spellcasting
 + Level 3.7 Fire Magic


You had 2 spell levels left.
You didn't know any spells.
Your spell library contained the following spells:

 Spells                   Type           Power      Damage    Failure   Level
 Scorch                   Fire           24%        2d6       8%          2


Dungeon Overview and Level Annotations

Branches:
Dungeon (1/15) Zot: 552

Altars:


Innate Abilities, Weirdness & Mutations

You passively map a small area around you.
You are easily found by Zot.
You glow in the dark.
You regain HP and MP as you explore.


Message History

The jackal bites you.
You thump the jackal! You burn the jackal.
You kill the jackal!
You see here a jackal corpse.
You don't know any spells.
Unknown command.
Okay, then.
The jackal barely misses you.
You are too injured to fight recklessly!
You are too injured to fight recklessly!
You are too injured to fight recklessly!
You are too injured to fight recklessly!
You are too injured to fight recklessly!
You are too injured to fight recklessly!
You hit the jackal. You burn the jackal.
You kill the jackal! 2 jackals and a rat come into view.
The jackal barks!
You hit the rat but do no damage.
The jackal bites you but does no damage.
You barely miss the rat. The rat bites you.
You closely miss the jackal. You punch the jackal.
The jackal is lightly wounded.
The jackal bites you but does no damage.
The rat barely misses you.
The jackal bites you but does no damage.
The jackal barely misses you. The rat bites you.
* * * LOW HITPOINT WARNING * * *
You hit the jackal. You burn the jackal.
The jackal is heavily wounded.
The jackal bites you but does no damage.
The jackal bites you.
* * * LOW HITPOINT WARNING * * *
The jackal misses you. The jackal bites you.
* * * LOW HITPOINT WARNING * * *
The rat bites you but does no damage.
You closely miss the jackal.
The jackal is moderately wounded.
The jackal bites you.
You die...

* * , , , ,* ##*
**** * , ,.. , # ,
,.##..# *
######.##..#
.8.....8...# #####
#.....#...*##...## *
, *
.#..<..#...*#..#@h#*
.#.....#..#*#†##rh.#
,
.8.....8..###.##~~.#
##.######(.....#8~.#
.#.....#..######~~..
* , , ..........#
#~...., ,
##..####### #...###
*#... ##### * ,
......


You could see 2 jackals and a rat.

Vanquished Creatures
  A ball python (D:1)
  2 jackals (D:1)
3 creatures vanquished.

Notes
Turn   | Place    | Note
-------+----------+-------------------------------------------
     0 | D:1      | a11behringer the Meteoran Cinder Acolyte began the quest
                  | for the Orb.
     0 | D:1      | Reached XP level 1. HP: 19/19 MP: 3/3
    44 | D:1      | Slain by a jackal

Illustrated notes

Levels and vault maps discovered:
D:1:      scummos_arrival_simple_crosswalls, layout_loops_ring,
          ebering_ecumenical_altar_sacrificial, moated_statue, minmay_ruptured

Action                   || total
-------------------------++-------
Melee: Mace              ||    15
       Punch             ||     1
Armor: Robe              ||    10
Dodge: Dodged            ||    11
